 Dungeon Sprint DCSS version 0.26-a0-771-g060e6a62af (webtiles) character file.

Game seed: 13401110875823005906

3500000 iamoutofideas the Conqueror (level 27, -49/249 HPs)
             Began as a Barachi Berserker on Nov 9, 2020.
             Was the Champion of Makhleb.
             Annihilated by a destroyer
             ... wielding a +9 vorpal great sword
              (161 damage)
             ... in the Dungeon (Sprint VIII: "Arena of Blood").
             The game lasted 00:01:14 (35 turns).

iamoutofideas the Conqueror (Barachi Berserker)       Turns: 35, Time: 00:01:15

Health: -49/249    AC:  4    Str: 21    XL:     27
Magic:  22/54      EV: 35    Int:  9    God:    Makhleb [******]
Gold:   0          SH:  0    Dex: 21    Spells: 80/80 levels left

rFire    . . .     SeeInvis .   i - +∞ Axe of Woe
rCold    . . .     Faith    .   (shield currently unavailable)
rNeg     . . .     Spirit   .   b - +0 animal skin
rPois    .         Reflect  .   (no helmet)
rElec    .         Harm     .   (no cloak)
rCorr    .         Rampage  .   (no gloves)
MR       ++...     NoTele   +   (no boots)
Stlth    +++++++++.             (no amulet)
HPRegen  0.51/turn              (no ring)
MPRegen  0.34/turn              (no ring)

@: can't hop, slow
A: +LOS, swims, slowness 1, strong legs 2
a: Hop, Minor Destruction, Lesser Servant of Makhleb, Major Destruction, Greater
Servant of Makhleb, Renounce Religion


You were in the Dungeon.
You worshipped Makhleb.
Makhleb was exalted by your worship.
You visited 1 branch

Inventory:

Hand Weapons
 a - a +0 hand axe
 i - the +∞ Axe of Woe (weapon)
   (You found it in the Dungeon)
Armour
 b - a +0 animal skin (worn)
Scrolls
 h - a scroll of blinking
Potions
 c - a potion of curing
 d - a potion of heal wounds
 e - a potion of haste
 f - 2 potions of magic
 g - a potion of berserk rage


   Skills:
 O Level 27 Fighting
 O Level 27 Axes
 O Level 27 Throwing
 O Level 27 Armour
 O Level 27 Dodging
 O Level 27 Stealth
 O Level 27 Unarmed Combat
 O Level 27 Spellcasting
 O Level 27 Invocations


You had 80 spell levels left.
You didn't know any spells.
Your spell library was empty.

Dungeon Overview and Level Annotations

Branches:
Dungeon (1/1)

Altars:
Makhleb


Innate Abilities, Weirdness & Mutations

You can be seen from farther away. (+LOS)
You can swim through water.
You cover ground slowly.
You can hop long distances.


Message History

The sculptor of flesh appears out of thin air!
A sculptor of flesh comes into view. It is wielding a +9 great sword.
You hear a shout!
The bag of meat is engulfed in blazing flames.
You hear a shout! x2
The destroyer blinks!
A bag of meat comes into view. It is wielding a +9 war axe.
You hear a shout!
Unknown command.
Unknown command.
You hear a shout! x6
The meat berserker rages.
You hear a shout! x2
The meat berserker rages.
You hear a shout! x2
The meat berserker rages.
You hear a shout!
The destroyer hits you with a +9 vorpal great sword!!!!!
Ouch! That really hurt!
You die...

####### ## #...... =.. ##
..... z.. #.. ....##.##
.... ........ .
...####....§##.#
#....z................
#§..V......#.#.......
#...@..V...........##
#...#...)..........o....
......#)O)O..oo....o....
......O.).........oo....
#......o.......o§§o..
.#........#..o§§)§#
....#..o..#....)o§# ...
.#......###....§§☼###....
..oOo....O...###)§.......


You could see 2 destroyers, 2 sculptors of flesh, 4 meat berserkers and 9 bags
of meat.

Vanquished Creatures
  A vampire knight (D)
  14 ogres (D)
  3 two-headed ogres (D)
  36 orcs (D)
  A skeletal warrior (D)
55 creatures vanquished.

Notes
Turn   | Place    | Note
-------+----------+-------------------------------------------
     0 | D        | Found the +∞ Axe of Woe
     0 | D        | iamoutofideas the Barachi Berserker began the quest for the
                  | Orb.
     0 | D        | Reached XP level 1. HP: 18/18 MP: 1/1
     1 | D        | Noticed a bag of meat
     2 | D        | Noticed a bag of meat
     3 | D        | Noticed a meat berserker
     4 | D        | Fell from the grace of Trog
     4 | D        | Became a worshipper of Makhleb the Destroyer
     4 | D        | Noticed a bag of meat
     5 | D        | Killed a meat berserker
     5 | D        | Reached XP level 2. HP: 57/57 MP: 2/2
     5 | D        | Reached XP level 3. HP: 63/63 MP: 3/3
     5 | D        | Reached XP level 4. HP: 71/71 MP: 4/4
     5 | D        | Reached XP level 5. HP: 78/78 MP: 5/5
     5 | D        | Reached XP level 6. HP: 85/85 MP: 6/6
     5 | D        | Reached XP level 7. HP: 92/92 MP: 7/7
     5 | D        | Reached XP level 8. HP: 100/100 MP: 8/8
     5 | D        | Reached XP level 9. HP: 106/106 MP: 9/9
     5 | D        | Reached XP level 10. HP: 114/114 MP: 10/10
     5 | D        | Reached XP level 11. HP: 121/121 MP: 11/11
     5 | D        | Reached XP level 12. HP: 128/128 MP: 12/12
     5 | D        | Gained mutation: You can hop long distances. [Barachi
                  | growth]
     5 | D        | Reached XP level 13. HP: 135/135 MP: 13/13
     5 | D        | Noticed a meat berserker
     6 | D        | Noticed a bag of meat
     8 | D        | Killed a bag of meat
     8 | D        | Reached * piety under Makhleb
     8 | D        | Reached XP level 14. HP: 148/148 MP: 14/14
     9 | D        | Noticed a bag of meat
    10 | D        | Killed a meat berserker
    10 | D        | Reached skill level 27 in Fighting
    10 | D        | Reached skill level 27 in Axes
    10 | D        | Reached skill level 15 in Dodging
    10 | D        | Reached XP level 15. HP: 159/159 MP: 15/15
    11 | D        | Noticed a meat berserker
    11 | D        | Noticed a meat berserker
    11 | D        | Noticed a meat berserker
    11 | D        | Noticed a meat berserker
    12 | D        | Reached ** piety under Makhleb
    12 | D        | Reached XP level 16. HP: 167/167 MP: 16/16
    13 | D        | Noticed a meat berserker
    13 | D        | Noticed a meat berserker
    13 | D        | Noticed a meat berserker
    14 | D        | Killed a meat berserker
    15 | D        | Noticed a meat berserker
    15 | D        | Noticed a large bag of meat
    15 | D        | Noticed a meat berserker
    16 | D        | Noticed a meat berserker
    16 | D        | Killed a meat berserker
    16 | D        | Reached skill level 27 in Armour
    16 | D        | Reached skill level 27 in Dodging
    16 | D        | Reached XP level 17. HP: 174/174 MP: 17/17
    16 | D        | Reached *** piety under Makhleb
    16 | D        | Reached skill level 10 in Unarmed Combat
    16 | D        | Reached skill level 10 in Invocations
    16 | D        | Reached XP level 18. HP: 182/182 MP: 17/33
    16 | D        | Killed a meat berserker
    16 | D        | Reached skill level 15 in Unarmed Combat
    17 | D        | Noticed a large bag of meat
    17 | D        | Killed a meat berserker
    17 | D        | Reached **** piety under Makhleb
    17 | D        | Reached skill level 15 in Invocations
    17 | D        | Reached XP level 19. HP: 189/189 MP: 17/39
    18 | D        | Killed a meat berserker
    19 | D        | Killed a meat berserker
    19 | D        | Reached ***** piety under Makhleb
    19 | D        | Reached XP level 20. HP: 197/197 MP: 17/44
    19 | D        | Noticed a meat berserker
    19 | D        | Noticed a large bag of meat
    20 | D        | Killed a meat berserker
    20 | D        | Reached XP level 21. HP: 204/204 MP: 17/48
    21 | D        | Killed a meat berserker
    21 | D        | Reached skill level 27 in Unarmed Combat
    22 | D        | Reached ****** piety under Makhleb
    22 | D        | Reached XP level 22. HP: 212/212 MP: 18/52
    22 | D        | Reached skill level 27 in Throwing
    22 | D        | Reached skill level 27 in Stealth
    22 | D        | Reached skill level 27 in Spellcasting
    22 | D        | Reached skill level 27 in Invocations
    23 | D        | Killed a large bag of meat
    23 | D        | Reached XP level 23. HP: 219/219 MP: 18/54
    23 | D        | Noticed a destroyer
    25 | D        | Reached XP level 24. HP: 227/227 MP: 19/54
    27 | D        | Killed a large bag of meat
    27 | D        | Reached XP level 25. HP: 234/234 MP: 19/54
    27 | D        | Noticed a destroyer
    28 | D        | Killed a large bag of meat
    28 | D        | Reached XP level 26. HP: 242/242 MP: 19/54
    31 | D        | Noticed a destroyer
    32 | D        | Noticed a destroyer
    34 | D        | Reached XP level 27. HP: 111/249 MP: 21/54
    34 | D        | Killed a destroyer
    35 | D        | Annihilated by a destroyer

Illustrated notes

Levels and vault maps discovered:
D:        meatsprint

Skill      XL: |  1  2  3  4  5  6  7  8  9 10 11 12 13 14 15 16 17 18 19 20 21 22 |
---------------+-------------------------------------------------------------------+-----
Fighting       | 23 25 27 | 27.0
Axes           | 22 23 27 | 27.0
Armour         | 13 14 16 22 27 | 27.0
Dodging        | 12 13 15 20 27 | 27.0
Throwing       | 11 16 20 23 26 27 | 27.0
Stealth        | 11 16 20 23 26 27 | 27.0
Unarmed Combat | 12 17 22 24 27 | 27.0
Spellcasting   | 11 16 20 23 26 27 | 27.0
Invocations    | 10 15 19 21 24 27 | 27.0

Action                   |  1- 3 |  4- 6 |  7- 9 | 10-12 | 13-15 | 16-18 | 19-21 | 22-24 | 25-27 || total
-------------------------+-------+-------+-------+-------+-------+-------+-------+-------+-------++-------
Melee: Executioner's axe |     1 |       |       |       |     3 |     3 |     5 |     4 |     4 ||    20
 Abil: Hop               |       |       |       |       |       |       |       |       |     1 ||     1
Dodge: Dodged            |       |       |       |       |       |     1 |       |     1 |     1 ||     3

Table legend: (Time is in decaauts)
 A = Elapsed time spent in this place.
 B = Non-inter-level travel time spent in this place.
 C = Inter-level travel time spent in this place.
 D = Time resting spent in this place.
 E = Time spent auto-exploring this place.
 F = Levels seen in this place.
 G = Mean time per level.
                   A        B        C        D        E       F      G
               +--------+--------+--------+--------+--------+-----+--------+
         Total |     32 |     32 |      0 |      0 |      0 |   1 |   32.0 |
       Dungeon |     32 |     32 |      0 |      0 |      0 |   1 |   32.0 |
               +--------+--------+--------+--------+--------+-----+--------+

Top non-repeatable levels by time:
       D: 32 daAuts
